 Dungeon Crawl Stone Soup version 0.30.1-3-gfc49f6343a (webtiles) character file.

Game seed: 16216352227516081372

19730 Almogavar the Carver (level 12, -36/169 HPs)
             Began as a Minotaur Berserker on Aug 7, 2023.
             Was an Elder of Trog.
             Annihilated by an ettin
             ... wielding a +0 dire flail
              (39 damage)
             ... on level 2 of the Orcish Mines on Aug 8, 2023.
             The game lasted 00:41:09 (16391 turns).

Almogavar the Carver (Minotaur Berserker)          Turns: 16391, Time: 00:41:09

Health: -36/169    AC: 20    Str: 26    XL:     12   Next: 39%
Magic:  11/11      EV: 12    Int:  4    God:    Trog [****..]
Gold:   1237       SH:  0    Dex: 11    Spells: 11/11 levels left

rFire   + . .        N - +2 demon blade
rCold   . . .        (no shield)
rNeg    . . .        Q - +2 chain mail {Will+}
rPois   .            (helmet restricted)
rElec   .            P - scarf {+Inv}
rCorr   .            x - +0 pair of gloves
SInv    .            (no boots)
Will    +++..        (no amulet) Stlth
                     z - ring of protection from fire
HPRegen 1.48/turn    G - +4 ring of protection
MPRegen 0.12/turn

%: no passive effects
@: berserking, strong-willed, regenerating, very quick
A: horns 2, retaliatory headbutt
a: Renounce Religion, Evoke Invisibility, Berserk, Trog's Hand, Brothers in Arms


You were on level 2 of the Orcish Mines.
You worshipped Trog.
Trog was greatly pleased with you.
You visited 2 branches of the dungeon, and saw 14 of its levels.
You also visited: Ossuary.

You collected 1237 gold pieces.

Inventory:

Hand Weapons
 m - a +0 sling
 y - a +1 dire flail of protection
 N - a +2 demon blade (weapon)
 O - a +2 scimitar of protection
Missiles
 j - 69 stones (quivered)
Armour
 e - a +0 plate armour of poison resistance
 p - a +1 cloak of preservation
 x - a +0 pair of gloves (worn)
 E - +0 steam dragon scales
 P - a scarf of invisibility (worn)
 Q - a +2 chain mail of willpower (worn)
Jewellery
 z - a ring of protection from fire (left hand)
 G - a +4 ring of protection (right hand)
 I - an amulet of faith
Wands
 a - a wand of acid (1)
 f - a wand of iceblast (1)
 k - a wand of paralysis (26)
 w - a wand of polymorph (10)
Scrolls
 g - a scroll of fog
 l - 2 scrolls of amnesia
 o - a scroll of teleportation
 s - 3 scrolls of blinking
 t - a scroll of magic mapping
 A - 2 scrolls of poison {unknown}
 D - a scroll of brand weapon {unknown}
 J - a scroll of enchant armour {unknown}
 L - a scroll of silence {unknown}
 M - a scroll of butterflies {unknown}
Potions
 b - 4 potions of flight
 c - 3 potions of haste
 d - 4 potions of lignification
 i - 10 potions of curing
 n - 3 potions of attraction {unknown}
 r - a potion of resistance {unknown}
 u - 6 potions of magic {unknown}
 v - a potion of berserk rage {unknown}
 B - 5 potions of cancellation {unknown}
 C - 8 potions of heal wounds {unknown}
 F - a potion of ambrosia {unknown}
 H - a potion of might {unknown}
 K - a potion of mutation {unknown}


   Skills:
 + Level 12.8 Fighting
 - Level 14.5 Long Blades
 + Level 2.1 Ranged Weapons
 + Level 13.0 Armour
 + Level 8.1 Dodging
 + Level 2.6 Evocations


You had 11 spell levels left.
You didn't know any spells.
Your spell library was empty.

Dungeon Overview and Level Annotations

Branches:
Dungeon (12/15)            Temple (0/1) D:4            Lair (0/5) D:10
    Orc (2/2) D:12            Elf (0/3) Orc:2       Ossuary (visited)

Altars:
Elyvilon
Fedhas

Shops:
D:5 (   D:8 :   D:11 [   D:12 ([   Orc:2 :

Annotations:
D:8 3 runed translucent doors
Orc:1 Snorg


Innate Abilities, Weirdness & Mutations

You have a pair of horns on your head.
You reflexively headbutt those who attack you in melee.


Message History

The orc warrior hits you with a +0 short sword.
The orc wizard hits you but does no damage.
Unknown command.
You hit the orc wizard. You headbutt the orc wizard!
You kill the orc wizard!
Trog accepts your kill.
Trog appreciates your killing of a magic user.
The ettin hits you with a +0 dire flail.
The ettin hits you with a +0 dire flail!!
* * * LOW HITPOINT WARNING * * *
The orc warrior hits you but does no damage.
A red film seems to cover your vision as you go berserk!
You feel yourself moving faster!
You feel mighty!
The orc warrior hits you but does no damage.
The ettin hits you but does no damage. x2
You hit the ettin but do no damage. You headbutt the ettin!
The ettin is lightly wounded.
You barely miss the ettin.
The ettin is lightly wounded.
The ettin hits you with a +0 dire flail.
* * * LOW HITPOINT WARNING * * *
The ettin closely misses you.
The orc warrior hits you but does no damage.
You barely miss the ettin. Your headbutt misses the ettin.
The ettin is lightly wounded.
You slash the ettin!
The ettin is moderately wounded.
The ettin hits you with a +0 dire flail!!
* * * LOW HITPOINT WARNING * * *
The ettin completely misses you.
The orc warrior hits you but does no damage.
You are too berserk!
You slash the ettin!
The ettin is heavily wounded.
You slash the ettin!
The ettin is severely wounded.
You hit the ettin.
The ettin is severely wounded.
The ettin hits you with a +0 dire flail!!!
You die...

######........##
....###.#.#........$.#
.....#.....#........###.
............#........$..
.........#..............
.≈≈.....................
.≈≈≈...........o........
.≈≈≈...........)@.......
∩..............C........
.≈≈≈..........##.#......
.≈≈≈).)......##.........
.≈≈#..)........#.#......
................###.....
.................. .....
................... ...#
...................


You could see an ettin and an orc warrior.

Vanquished Creatures
  Fannar (Orc:1)
  4 two-headed ogres
  An orc knight (Orc:1)
  2 ugly things
  A manticore (D:11)
  A cyclops (D:11)
  8 slime creatures (D:12)
  2 gargoyles (D:12)
  Maggie (D:6)
  An unseen horror (D:10)
  A kobold demonologist (D:12)
  2 trolls (D:10)
  2 hornets
  Grinder (D:4)
  A shadow (D:10)
  Sigmund (D:2)
  2 wyverns (D:8)
  2 wraiths
  A vampire (D:10)
  16 yaks
  6 vampire mosquitoes
  2 steam dragons
  A warg (Orc:1)
  Edmund (D:4)
  2 acid dragons
  A water moccasin (D:7)
  11 orc warriors
  Duvessa (D:6)
  3 ice beasts
  2 sky beasts
  A black bear (D:5)
  2 centaurs
  3 ogres
  2 phantoms (D:6)
  An elf zombie (Ossuary)
  3 kobold brigands
  6 bullfrogs
  2 scorpions
  4 wights (D:8)
  Dowan (D:6)
  5 howler monkeys
  An electric eel (D:10)
  3 hounds
  Crazy Yiuf (D:2)
  9 orc priests
  4 jellies
  Ijyb (D:5)
  Natasha (D:4)
  An iguana (D:4)
  15 orc wizards
  3 mummies (Ossuary)
  Robin (D:2)
  5 adders
  2 shadow imps (D:6)
  3 ufetubi
  2 adder zombies (Ossuary)
  3 worms
  A dart slug (D:4)
  64 orcs
  6 bats
  7 endoplasms
  3 giant cockroaches
  14 goblins
  6 hobgoblins
  8 jackals
  10 kobolds
  3 quokkas
  7 ball pythons
  4 frilled lizards
  A gnoll zombie (Ossuary)
  3 goblin zombies (Ossuary)
  3 hobgoblin zombies (Ossuary)
  4 kobold zombies (Ossuary)
  A quokka zombie (Ossuary)
  8 rats
  3 rat zombies (Ossuary)
322 creatures vanquished.

Vanquished Creatures (collateral kills)
  An orc warlord (Orc:1)
  A cyclops (Orc:1)
  2 orc warriors (Orc:1)
  An orc (Orc:1)
5 creatures vanquished.

Grand Total: 327 creatures vanquished

Notes
Turn   | Place    | Note
-------+----------+-------------------------------------------
     0 | D:1      | Almogavar the Minotaur Berserker began the quest for the
                  | Orb.
     0 | D:1      | Reached XP level 1. HP: 19/19 MP: 0/0
   165 | D:1      | Reached skill level 4 in Long Blades
   304 | D:1      | Reached XP level 2. HP: 22/27 MP: 1/1
   857 | D:2      | Found a faded altar of an unknown god.
   982 | D:2      | Reached XP level 3. HP: 31/33 MP: 2/2
  1352 | D:2      | Reached ** piety under Trog
  1575 | D:2      | Noticed Sigmund
  1599 | D:2      | Killed Sigmund
  1600 | D:2      | Reached skill level 6 in Long Blades
  1600 | D:2      | Reached XP level 4. HP: 41/41 MP: 3/3
  1600 | D:2      | Reached XP level 5. HP: 47/47 MP: 4/4
  1681 | D:2      | Noticed Robin
  1689 | D:2      | Killed Robin
  1874 | D:2      | Found a runed translucent door.
  1875 | D:2      | Noticed Crazy Yiuf
  2064 | D:2      | Killed Crazy Yiuf
  2065 | D:2      | Reached XP level 6. HP: 31/55 MP: 5/5
  2573 | D:3      | Reached skill level 5 in Fighting
  2689 | D:3      | Reached *** piety under Trog
  2744 | D:3      | Reached skill level 7 in Long Blades
  3413 | D:4      | Noticed Natasha
  3419 | D:4      | Killed Natasha
  3504 | D:4      | Noticed Grinder
  3515 | D:4      | Killed Grinder
  3516 | D:4      | Reached skill level 8 in Long Blades
  3516 | D:4      | Reached XP level 7. HP: 54/62 MP: 6/6
  3708 | D:4      | Noticed Edmund
  3730 | D:4      | Killed Edmund
  3896 | D:4      | Found a staircase to the Ecumenical Temple.
  4272 | D:5      | Entered Level 5 of the Dungeon
  4607 | D:5      | Noticed Ijyb
  4622 | D:5      | Killed Ijyb
  4661 | D:5      | Found Zuczeika's Antique Weapon Boutique.
  4695 | D:5      | Reached skill level 5 in Armour
  4695 | D:5      | Reached XP level 8. HP: 58/70 MP: 7/7
  5456 | D:6      | Reached skill level 9 in Long Blades
  5822 | D:6      | Found a white marble altar of Elyvilon.
  5856 | D:6      | Noticed Dowan
  5875 | D:6      | Reached **** piety under Trog
  5876 | D:6      | Reached skill level 10 in Long Blades
  5887 | D:6      | Killed Dowan
  5976 | D:6      | Noticed Maggie
  5995 | D:6      | Killed Maggie
  5996 | D:6      | Reached XP level 9. HP: 61/79 MP: 8/8
  6015 | D:6      | Noticed Duvessa
  6028 | D:6      | Killed Duvessa
  6535 | D:6      | Found a blossoming altar of Fedhas.
  6868 | D:7      | Reached skill level 11 in Long Blades
  7160 | D:7      | Reached skill level 5 in Dodging
  8023 | D:8      | Found a sand-covered staircase.
  8027 | Ossuary  | Entered an ossuary
  8323 | D:8      | Reached skill level 12 in Long Blades
  8337 | D:8      | Reached XP level 10. HP: 41/90 MP: 9/9
  8549 | D:8      | Found Seolusiz's Book Shop.
  8553 | D:8      | Found a runed translucent gate.
  8553 | D:8      | Found a runed translucent gate.
  8554 | D:8      | Found a runed translucent gate.
  8580 | D:8      | Noticed a white ugly thing
  8582 | D:8      | Noticed a red ugly thing
  9591 | D:9      | Paralysed by a hornet for 1 turns
  9941 | D:9      | Reached skill level 13 in Long Blades
  9988 | D:9      | Reached ***** piety under Trog
 11021 | D:10     | Entered Level 10 of the Dungeon
 11151 | D:10     | Reached skill level 1 in Ranged Weapons
 11268 | D:10     | Found a staircase to the Lair.
 11510 | D:10     | Noticed a two-headed ogre
 11520 | D:10     | Killed a two-headed ogre
 11777 | D:10     | Reached skill level 10 in Fighting
 11777 | D:10     | Reached skill level 10 in Armour
 12122 | D:10     | Reached XP level 11. HP: 61/99 MP: 10/10
 12231 | D:10     | Noticed a two-headed ogre
 12239 | D:10     | Killed a two-headed ogre
 12706 | D:10     | Noticed a white ugly thing
 12719 | D:10     | Killed a white ugly thing
 12952 | D:11     | Noticed a purple ugly thing
 12964 | D:11     | Killed a purple ugly thing
 13201 | D:11     | Reached skill level 14 in Long Blades
 13331 | D:11     | Noticed a two-headed ogre
 13344 | D:11     | Killed a two-headed ogre
 13360 | D:11     | Reached skill level 1 in Evocations
 14068 | D:11     | Found Edicwufe's Armour Shoppe.
 14107 | D:12     | Found Fimabed's Weapon Shoppe.
 14108 | D:12     | Found a staircase to the Orcish Mines.
 14182 | D:12     | Found Fielegh's Armour Shoppe.
 14286 | D:12     | Noticed a two-headed ogre
 14296 | D:12     | Killed a two-headed ogre
 14654 | D:12     | Received a gift from Trog
 14680 | D:12     | Reached XP level 12. HP: 28/112 MP: 11/11
 15496 | Orc:1    | Entered Level 1 of the Orcish Mines
 15511 | Orc:1    | Noticed an orc warlord
 15516 | Orc:1    | Noticed Fannar
 15713 | Orc:1    | Killed an orc warlord
 15720 | Orc:1    | Killed Fannar
 16045 | Orc:2    | Entered Level 2 of the Orcish Mines
 16045 | Orc:2    | Found a staircase to the Elven Halls.
 16045 | Orc:2    | Found Gotsisi's Self-Improvement Boutique.
 16376 | Orc:1    | Noticed Snorg
 16376 | Orc:1    | Noticed an ettin
 16388 | Orc:2    | HP: 2/169 [ettin/+0 dire flail (29)]
 16391 | Orc:2    | Annihilated by an ettin

Illustrated notes

Levels and vault maps discovered:
D:1:      amcnicky_arrival_flooded_fountain, layout_basic
D:2:      layout_loops_ring, basic_ecumenical_altar, corexii_hall_statues_u,
          bh_walls_and_bars, uniq_crazy_yiuf_cottage, uniq_robin, uniq_sigmund
D:3:      layout_basic
D:4:      nicolae_cairo_tiling, layout_basic,
          minmay_temple_entry_drinking_statues, uniq_natasha, uniq_grinder,
          uniq_edmund
D:5:      layout_layer_cave, serial_shops, shop, uniq_ijyb
D:6:      layout_basic, kennysheep_mini_moat, fedhas_altar_fruit_tree,
          serial_corexii_hall, chequers_hall_statues_y,
          chequers_hall_statues_wall_a, uniq_duvessa, uniq_maggie
D:7:      layout_layer_cave
D:8:      layout_basic, enter_ossuary_5,
          ploomutoo_gammafunk_ghost_potion_laboratory, serial_shops, shop,
          minmay_misc_feat_enclosed, hangedman_abyss_or_decor_lesser_grid
D:9:      layout_layer_cave, special_room [special_room_orc]
D:10:     minmay_ornate_pinched, layout_rooms, nicolae_kite_square_tiling_tiny,
          nrook_campfire
D:11:     layout_rooms, serial_corexii_hall, corexii_hall_statues_i,
          corexii_hall_statues_x, serial_shops, nicolae_shop_real_fake_doors
D:12:     layout_gridville, orc_david_3
Orc:1:    layout_caves, ebering_ghost_xom, serial_shops, shop, basic_altar,
          uniq_harold, uniq_fannar, uniq_snorg
Orc:2:    st_orc_ogre_mass, layout_diamond_mine, nicolae_shop_self_help

Skill      XL: |  1  2  3  4  5  6  7  8  9 10 11 12 |
---------------+-------------------------------------+-----
Long Blades    | 4 6 8 10 12 13 14 | 14.5
Fighting       | 4 5 6 7 8 10 11 12 | 12.8
Dodging        | 3 4 5 6 7 8 |  8.1
Armour         | 4 5 6 8 10 12 13 | 13.0
Ranged Weapons | 2 |  2.1
Evocations     | 1 2 |  2.6

Action                     |  1- 3 |  4- 6 |  7- 9 | 10-12 || total
---------------------------+-------+-------+-------+-------++-------
  Melee: Falchion          |    91 |   176 |   391 |   645 ||  1303
         Headbutt          |     7 |    33 |    87 |   191 ||   318
         Punch             |       |     2 |     2 |     7 ||    11
         Demon blade       |       |       |       |   124 ||   124
   Fire: Sling             |       |       |       |     9 ||     9
 Invoke: Berserk           |     1 |     2 |     3 |     8 ||    14
         Trog's Hand       |       |       |     1 |     5 ||     6
         Brothers in Arms  |       |       |       |     1 ||     1
  Evoke: Wand              |       |       |       |    22 ||    22
    Use: Scroll            |       |     2 |     7 |     7 ||    16
   Stab: Sleeping          |     1 |       |       |       ||     1
 Armour: Animal skin       |    16 |     1 |       |       ||    17
         Ring mail         |       |    11 |       |       ||    11
         Scale mail        |       |    50 |   157 |   283 ||   490
         Chain mail        |       |       |       |    32 ||    32
  Dodge: Dodged            |    55 |    81 |   164 |   312 ||   612
